 Dungeon Sprint DCSS version 0.31-a0-435-g2c6fae2916 (webtiles) character file.

Game seed: 28176603760454865

18767 rocky1 the Brawler (level 12, -13/120 HPs)
             Began as a Demonspawn Shapeshifter on Aug 2, 2023.
             Was an Initiate of Gozag.
             Mangled by a black draconian knight
             ... wielding a +1 long sword of protection
              (24 damage)
             ... in the Dungeon (Sprint VII: "The Pits").
             The game lasted 00:17:50 (4342 turns).

rocky1 the Brawler (Demonspawn Shapeshifter)        Turns: 4342, Time: 00:17:50

Health: -13/120    AC: 27    Str: 19    XL:     12   Next: 30%
Magic:  15/15      EV: 17    Int: 15    God:    Gozag
Gold:   1243       SH:  0    Dex: 13    Spells: 15/15 levels left

rFire   + .          .
                       - Unarmed
rCold   + . .        (no shield)
rNeg    + . .        r - melded +3 plate armour
rPois   ∞            (no helmet)
rElec   +            (no cloak)
rCorr   +            (gloves currently unavailable)
SInv    .            (boots currently unavailable)
Will    .....        m - amulet of regeneration
Stlth   ++           n - +3 ring of evasion
HPRegen 1.20/turn    o - +3 ring of intelligence
MPRegen 0.14/turn

%: no teleportation
@: brilliant, statue-form, resistant, weak-willed, gold aura, hasted, studying
Earth Magic, invisible, quick
A: slow and powerful, torment resistance 1, boosted hp, spiny 2, demonic magic
1, weakness stinger 1
a: Begin Untransformation, Renounce Religion, Potion Petition, Call Merchant,
Bribe Branch


You were in the Dungeon.
You worshipped Gozag.
Gozag was most pleased with you.
You were a living statue of rough stone.
You visited 1 branch You collected 7393 gold pieces.
You spent 3954 gold pieces at shops.
You paid 2196 gold pieces to Gozag.

Inventory:

Armour
 r - a +3 plate armour (melded)
Jewellery
 m - an amulet of regeneration (around neck)
 n - a +3 ring of evasion (left fist)
 o - a +3 ring of intelligence (right fist)
Talismans
 a - a granite talisman (active)
 c - a beast talisman
Scrolls
 b - 4 scrolls of identify
 e - 4 scrolls of enchant armour
 i - a scroll of fog
 k - 5 scrolls of amnesia
Potions
 d - 7 potions of curing
 f - 3 potions of haste
 g - 4 potions of magic
 p - a potion of ambrosia
 q - 5 potions of mutation
 t - 3 potions of heal wounds
 u - a potion of berserk rage
 v - 2 potions of brilliance


   Skills:
 + Level 8.2 Fighting
 - Level 7.4 Armour
 - Level 5.6 Dodging
 - Level 3.3 Stealth
 + Level 19.9 Unarmed Combat
 - Level 2.2 Spellcasting
 - Level 3.2 Earth Magic
 + Level 15.3 Shapeshifting


You had 15 spell levels left.
You didn't know any spells.
Your spell library contained the following spells:

 Spells                   Type           Power      Damage    Failure   Level
 Stone Arrow              Conj/Erth      18%        3d8       32%         3
 Volatile Blastmotes      Fire/Tloc      4%         2d10      54%         3
 Animate Armour           Summ/Erth      18%        N/A       73%         4
 Fulminant Prism          Conj/Hex       1%         3d5       91%         4
 Iskenderun's Mystic Bla  Conj/Tloc      2%         2d3       91%         4
 Olgreb's Toxic Radiance  Pois           2%         N/A       91%         4
 Discord                  Hex            1%         N/A       100%        8
 Ignition                 Fire           1%         3d3       100%        8
 Lehudib's Crystal Spear  Conj/Erth      4%         10d3      100%        8


Dungeon Overview and Level Annotations

Branches:
Dungeon (1/1)

Altars:
Ashenzari
Cheibriados
Dithmenos
Fedhas
Gozag
Hepliaklqana
Kikubaaqudgha
Makhleb
Nemelex Xobeh
Okawaru
Qazlal
Ru
Sif Muna
Trog
Uskayaw
Vehumet
Wu Jian
Xom
Yredelemnul
Jiyva
Lugonu

Shops:
D =:


Innate Abilities, Weirdness & Mutations

You are a living statue of rough stone.
Your actions are slow, but your melee attacks are powerful.
You are resistant to unholy torment.
Your maximum health is greatly increased.
Your equipment is partially melded.
You are immune to poison.
You are mostly covered in sharp spines.
Spells you cast may paralyse adjacent enemies.
You have a small tail.


Message History

The deep elf high priest utters a dark prayer and points at you.
A bolt of lightning appears from out of thin air!
The bolt of lightning misses you. The bolt of lightning hits you. You resist.
The bolt of lightning hits something.
The phantasmal warrior closely misses you.
You hear a shout!
You closely miss something.
You hear two shouts!
The flying skull is struck by your spines.
The flying skull misses you. Something hits you but does no damage.
Unknown command.
Okay, then.
Okay, then.
Unknown command.
You miss something. Your punch misses something.
The deep elf high priest utters a dark prayer and points at you.
Something's life force is offered up.
The flying skull is healed.
The phantasmal warrior is healed.
The phantasmal warrior misses you.
The flying skull is struck by your spines.
The flying skull closely misses you.
Unknown command.
You barely miss the phantasmal warrior.
The phantasmal warrior is lightly damaged.
The deep elf high priest shoots an arrow.
Unknown command.
You barely miss the phantasmal warrior.
You punch the phantasmal warrior, but do no damage.
The phantasmal warrior is lightly damaged.
Something hits you!
* * * LOW HITPOINT WARNING * * *
The phantasmal warrior is struck by your spines.
The phantasmal warrior hits you!!
* * * LOW HITPOINT WARNING * * *
You hit the phantasmal warrior but do no damage.
You punch the phantasmal warrior.
The phantasmal warrior is moderately damaged.
The flying skull is struck by your spines.
The flying skull misses you. Something hits you!!
You die...
Your body crumbles into a pile of gold.

#..# #..#
#..# #))#
####'e#
#.....#
.....#z{##
.... ##W{#
... #8{##
e# ##z:#
#.{:#
d..H:#
#.O#.e:#
#q.###.:#
.... ..##
..N #.: ..
..#


You could see a sphinx (empowered), 2 deep elf high priests, a phantasmal
warrior (summoned) and a flying skull (summoned, unable to see you).

Vanquished Creatures
  Gastronok (D)
  A nagaraja (D)
  A green draconian (D)
  A yellow draconian (D)
  2 deep elf death magi (D)
  A death yak (D)
  A two-headed ogre (D)
  A boulder beetle (D)
  A vampire mage (D)
  3 skeletal warriors (D)
  A sixfirhy (D)
  A sea snake (D)
  A phantasmal warrior (D)
  A deep elf pyromancer (D)
  An orc sorcerer (D)
  2 elephants (D)
  2 naga magi (D)
  A cane toad (D)
  A gargoyle (D)
  An efreet (D)
  An ice devil (D)
  2 red devils (D)
  A hornet (D)
  Grinder (D)
  2 jumping spiders (D)
  5 yaks (D)
  A vampire (D)
  A spriggan (D)
  A wraith (D)
  Grum (D)
  4 redbacks (D)
  2 basilisks (D)
  2 acid dragons (D)
  A floating eye (D)
  An ice beast (D)
  An ogre (D)
  8 wolves (D)
  A centaur (D)
  2 bullfrogs (D)
  A scorpion (D)
  A crimson imp (D)
  A gnoll bouda (D)
  An orc priest (D)
  2 orc wizards (D)
  A mummy (D)
  3 gnolls (D)
  2 white imps (D)
  An adder skeleton (D)
  4 orcs (D)
  A giant cockroach (D)
  A goblin (D)
  2 hobgoblins (D)
  10 jackals (D)
  2 kobolds (D)
  2 bats (D)
  4 rats (D)
102 creatures vanquished.

Vanquished Creatures (collateral kills)
  A freezing wraith (D)
  A giant cockroach (D)
2 creatures vanquished.

Vanquished Creatures (others)
  A frost giant (D)
1 creature vanquished.

Grand Total: 105 creatures vanquished

Notes
Turn   | Place    | Note
-------+----------+-------------------------------------------
     0 | D        | rocky1 the Demonspawn Shapeshifter began the quest for the
                  | Orb.
     0 | D        | Reached XP level 1. HP: 15/15 MP: 1/1
    16 | D        | Reached skill level 3 in Unarmed Combat
    56 | D        | Found a bloodstained altar of Trog.
    56 | D        | Found a shimmering blue altar of Sif Muna.
    56 | D        | Found a viscous altar of Jiyva.
    56 | D        | Found a hazy altar of Hepliaklqana.
    56 | D        | Found an opulent altar of Gozag.
    57 | D        | Found a basalt altar of Yredelemnul.
    57 | D        | Found a shimmering altar of Xom.
    57 | D        | Found an ornate altar of the Wu Jian Council.
    57 | D        | Found a sacrificial altar of Ru.
    57 | D        | Found a stormy altar of Qazlal.
    57 | D        | Found an iron altar of Okawaru.
    57 | D        | Found a sparkling altar of Nemelex Xobeh.
    57 | D        | Found a burning altar of Makhleb.
    57 | D        | Found a blossoming altar of Fedhas.
    57 | D        | Found a shadowy altar of Dithmenos.
    57 | D        | Found a snail-covered altar of Cheibriados.
    61 | D        | Found a corrupted altar of Lugonu.
    61 | D        | Found a radiant altar of Vehumet.
    62 | D        | Found a broken altar of Ashenzari.
    62 | D        | Found an ancient bone altar of Kikubaaqudgha.
    62 | D        | Found a hide-covered altar of Uskayaw.
    64 | D        | Became a worshipper of Gozag Ym Sagoz the Greedy
   196 | D        | Gained mutation: Spells you cast may paralyse adjacent
                  | enemies. [demonic ancestry]
   196 | D        | Reached XP level 2. HP: 19/21 MP: 2/2
   204 | D        | Noticed a floating eye
   205 | D        | Noticed a bullfrog
   207 | D        | Paralysed by a floating eye for 4 turns
   216 | D        | Paralysed by a floating eye for 2 turns
   220 | D        | HP: 1/31 [bullfrog (6)]
   221 | D        | Killed a bullfrog
   222 | D        | Reached skill level 5 in Unarmed Combat
   222 | D        | Reached XP level 3. HP: 2/27 MP: 3/3
   222 | D        | Gained mutation: You have a small tail. [demonic ancestry]
   222 | D        | Reached XP level 4. HP: 2/33 MP: 4/4
   227 | D        | Killed a floating eye
   228 | D        | Reached skill level 1 in Stealth
   228 | D        | Reached skill level 6 in Unarmed Combat
   228 | D        | Reached XP level 5. HP: 3/39 MP: 5/5
   618 | D        | Noticed an ogre
   630 | D        | Killed an ogre
   631 | D        | Reached skill level 7 in Unarmed Combat
   631 | D        | Reached XP level 6. HP: 46/47 MP: 6/6
   689 | D        | Noticed an ice beast
   693 | D        | Killed an ice beast
   694 | D        | Reached skill level 1 in Armour
   694 | D        | Reached skill level 8 in Unarmed Combat
   697 | D        | Noticed Grum
   704 | D        | Killed Grum
   705 | D        | Reached XP level 7. HP: 21/54 MP: 7/7
  1025 | D        | Reached skill level 9 in Unarmed Combat
  1252 | D        | Noticed an orc sorcerer
  1253 | D        | Paralysed by an orc sorcerer for 4 turns
  1260 | D        | Noticed an orange demon
  1263 | D        | Killed an orc sorcerer
  1264 | D        | Reached skill level 5 in Dodging
  1264 | D        | Reached skill level 10 in Unarmed Combat
  1267 | D        | Reached XP level 8. HP: 34/61 MP: 8/8
  1806 | D        | Reached skill level 5 in Fighting
  1950 | D        | Noticed an elephant
  1962 | D        | Killed an elephant
  1963 | D        | Reached skill level 11 in Unarmed Combat
  1965 | D        | Reached skill level 5 in Armour
  1968 | D        | Reached skill level 12 in Unarmed Combat
  1971 | D        | Gained mutation: You are partially covered in sharp spines.
                  | [demonic ancestry]
  1971 | D        | Reached XP level 9. HP: 69/69 MP: 9/9
  2138 | D        | Bought a granite talisman for 1200 gold pieces
  2138 | D        | Bought an amulet of regeneration for 450 gold pieces
  2305 | D        | Noticed a gargoyle
  2305 | D        | Noticed a red devil
  2342 | D        | Reached skill level 13 in Unarmed Combat
  2386 | D        | Killed a red devil
  2387 | D        | Reached skill level 10 in Shapeshifting
  2389 | D        | Killed a gargoyle
  2537 | D        | Noticed a red devil
  2550 | D        | Killed a red devil
  2900 | D        | Noticed a boulder beetle
  2914 | D        | Killed a boulder beetle
  2915 | D        | Reached XP level 10. HP: 77/77 MP: 10/10
  3020 | D        | Noticed Gastronok
  3025 | D        | Noticed a frost giant
  3040 | D        | Killed Gastronok
  3049 | D        | Killed a frost giant
  3584 | D        | Noticed a nagaraja
  3596 | D        | Killed a nagaraja
  3597 | D        | Reached skill level 14 in Unarmed Combat
  3624 | D        | Noticed a vampire mage
  3624 | D        | Noticed a death yak
  3624 | D        | Noticed Grinder
  3626 | D        | Noticed an elephant
  3626 | D        | Paralysed by Grinder for 2 turns
  3634 | D        | Killed a death yak
  3635 | D        | Reached skill level 15 in Unarmed Combat
  3635 | D        | Reached XP level 11. HP: 75/84 MP: 11/11
  3655 | D        | Reached skill level 16 in Unarmed Combat
  3666 | D        | Killed a vampire mage
  3669 | D        | Killed Grinder
  3811 | D        | Bought a manual of Earth Magic for 1280 gold pieces
  3815 | D        | Bought a book of Blasting for 448 gold pieces
  3815 | D        | Bought a book of Armaments for 576 gold pieces
  3867 | D        | Noticed a sea snake
  3879 | D        | Killed a sea snake
  3897 | D        | Noticed a skeletal warrior
  3897 | D        | Noticed a skeletal warrior
  3906 | D        | Killed a skeletal warrior
  3907 | D        | Reached skill level 17 in Unarmed Combat
  3911 | D        | Noticed a skeletal warrior
  3919 | D        | Killed a skeletal warrior
  3924 | D        | Killed a skeletal warrior
  4171 | D        | Noticed a deep elf pyromancer
  4173 | D        | Noticed a spriggan rider
  4183 | D        | Killed a deep elf pyromancer
  4184 | D        | Reached skill level 15 in Shapeshifting
  4199 | D        | Noticed a sixfirhy
  4202 | D        | Killed a sixfirhy
  4203 | D        | Reached skill level 18 in Unarmed Combat
  4219 | D        | Noticed a two-headed ogre
  4219 | D        | Noticed a phantasmal warrior
  4222 | D        | Killed a two-headed ogre
  4227 | D        | Killed a phantasmal warrior
  4228 | D        | Gained mutation: You are mostly covered in sharp spines.
                  | [demonic ancestry]
  4228 | D        | Reached XP level 12. HP: 92/92 MP: 12/12
  4243 | D        | Noticed a green draconian
  4244 | D        | Noticed a deep elf death mage
  4257 | D        | Killed a green draconian
  4258 | D        | Killed a deep elf death mage
  4265 | D        | Killed a ghostly green draconian
  4266 | D        | Reached skill level 19 in Unarmed Combat
  4266 | D        | Reached skill level 1 in Spellcasting
  4268 | D        | Killed a ghostly deep elf death mage
  4289 | D        | Noticed a deep elf high priest
  4300 | D        | Noticed a deep elf high priest
  4301 | D        | Noticed an ogre mage
  4301 | D        | Noticed a black draconian knight
  4301 | D        | Noticed a yellow draconian
  4307 | D        | Noticed a deep elf death mage
  4310 | D        | Killed a yellow draconian
  4312 | D        | Noticed a vampire mage
  4315 | D        | Killed a deep elf death mage
  4317 | D        | Killed a ghostly deep elf death mage
  4317 | D        | Paralysed by something for 5 turns
  4325 | D        | Noticed a sphinx
  4333 | D        | Noticed a yellow draconian
  4342 | D        | Mangled by a black draconian knight

Illustrated notes

Levels and vault maps discovered:
D:        pitsprint [storerooms_1, entrance_room_1, metal_vault_3, armoury_1,
          mini_pit_1, grid_room_1, main_hall_1, silver_pit, the_coven_3,
          the_vestibule_1, steel_vault_3, golden_pit, hallway_of_sentries,
          crystal_vault_5, iron_vault_2, final_vault]

Skill      XL: |  1  2  3  4  5  6  7  8  9 10 11 12 |
---------------+-------------------------------------+-----
Unarmed Combat | 3 5 6 7 8 10 12 13 15 18 19 | 19.9
Shapeshifting  | 3 4 6 7 8 9 11 13 15 | 15.3
Dodging        | 2 3 4 5 |  5.6
Fighting       | 2 3 4 5 6 7 8 |  8.2
Stealth        | 1 2 3 |  3.3
Armour         | 1 3 5 7 |  7.4
Spellcasting   | 2 |  2.2
Earth Magic    | 3 |  3.2

Action                     |  1- 3 |  4- 6 |  7- 9 | 10-12 || total
---------------------------+-------+-------+-------+-------++-------
  Melee: Unarmed           |    29 |    39 |   104 |   168 ||   340
         Tailslap          |       |     7 |     9 |    21 ||    37
         Punch             |       |     3 |     5 |    15 ||    23
 Invoke: Call Merchant     |       |       |     1 |     1 ||     2
         Potion Petition   |       |       |       |     2 ||     2
    Use: Potion            |     2 |       |    10 |    10 ||    22
         Scroll            |       |       |       |     3 ||     3
   Stab: Distracted        |       |     1 |     1 |     1 ||     3
         Sleeping          |       |       |       |     2 ||     2
         Invisible         |       |       |       |     1 ||     1
 Armour: Animal skin       |     5 |       |       |       ||     5
         Plate armour      |       |    13 |    41 |    10 ||    64
         Skin              |       |       |    30 |    69 ||    99
  Dodge: Dodged            |    14 |     8 |    28 |   118 ||   168
         Form:             |       |       |       |     2 ||     2
         Statue            |       |       |       |     2 ||     2

Table legend: (Time is in decaauts)
 A = Elapsed time spent in this place.
 B = Non-inter-level travel time spent in this place.
 C = Inter-level travel time spent in this place.
 D = Time resting spent in this place.
 E = Time spent auto-exploring this place.
 F = Levels seen in this place.
 G = Mean time per level.
                   A        B        C        D        E       F      G
               +--------+--------+--------+--------+--------+-----+--------+
         Total |   4567 |   4429 |    138 |   3120 |      0 |   1 | 4567.0 |
       Dungeon |   4567 |   4429 |    138 |   3120 |      0 |   1 | 4567.0 |
               +--------+--------+--------+--------+--------+-----+--------+

Top non-repeatable levels by time:
       D: 4567 daAuts
